AoeStats
← SoC

Arena

510520019Analyzed
4v4 RM · 2d ago on Oct 1, 2026· 33m 13s· 8 players
Game mode
Random Map
Map size
Large (8 player)
Population
200
Speed
Normal
Resources
Standard
Victory
Conquest
Starting age
Dark Age
Ending age
Imperial Age
RankedLock teamsTeams togetherTeam positionsShared explorationLock speedFull tech treeHidden civsTurbo modeCheats
Victory
Defeat
🇨🇳 Goths · China
870
+10
🇨🇳 Khitans · China
866
+10
🇨🇳 Vietnamese · China
833
+11
🇨🇳 Armenians · China
805
+13
🇬🇧 Inca · United Kingdom
846
-15
🇨🇳 Goths · China
714
-10
🇫🇮 Italians · Finland
704
-10
🇧🇷 Persians · Brazil
671
-9
migu
1:57 Loom
9:08 Feudal Age
9:36 Double-Bit Axe
16:28 Castle Age
14:42 Horse Collar
16:26 Wheelbarrow
16:17 Gold Mining
18:04 Town Watch
18:37 Bow Saw
18:21 Stone Mining
23:51 Heavy Plow
23:58 Crossbowman
24:43 Fletching
24:54 Padded Archer Armor
26:01 Hand Cart
27:30 Thumb Ring
31:53 Bodkin Arrow
32:13 Leather Archer Armor
TheBunjiMunji
11:33 Feudal Age
17:15 Castle Age
15:29 Horse Collar
16:00 Double-Bit Axe
17:34 Stone Mining
17:37 Gold Mining
23:30 Fletching
25:58 Forging
27:58 Loom
pagerbon
9:54 Feudal Age
9:13 Loom
11:21 Wheelbarrow
10:36 Town Watch
10:31 Horse Collar
10:40 Double-Bit Axe
10:48 Gold Mining
11:51 Stone Mining
18:25 Forging
18:16 Scale Mail Armor
18:22 Scale Barding Armor
18:17 Padded Archer Armor
18:08 Fletching
19:04 Arson
23:22 Bloodlines
25:38 Castle Age
24:10 Man-at-Arms
25:28 Pikeman
25:29 Long Swordsman
26:10 Squires
26:46 Gambesons
27:26 Heavy Plow
27:38 Bow Saw
29:31 Masonry
28:50 Crossbowman
30:11 Parthian Tactics
31:04 Husbandry
31:15 Bodkin Arrow
31:45 Chain Mail Armor
32:39 Stone Shaft Mining
SoC
5:07 Loom
9:49 Feudal Age
10:19 Double-Bit Axe
15:46 Castle Age
14:20 Horse Collar
16:27 Heavy Plow
21:35 Bow Saw
24:30 Wheelbarrow
26:25 Hand Cart
25:57 Town Watch
26:11 Treadmill Crane
30:10 Gold Mining
30:13 Stone Mining
34:14 Imperial Age
32:44 Stone Shaft Mining
32:26 Forging
32:17 Scale Mail Armor
32:34 Squires
31:56 Man-at-Arms
32:04 Pikeman
995549007
1:13 Loom
14:00 Feudal Age
16:52 Double-Bit Axe
17:05 Horse Collar
19:39 Castle Age
20:49 Bow Saw
30:22 Heavy Plow
34:16 Imperial Age
32:31 Forging
32:23 Scale Mail Armor
33:14 Wheelbarrow
32:52 Anarchy
32:41 Man-at-Arms
32:42 Pikeman
33:22 Squires
OceAN
2:59 Loom
12:14 Feudal Age
18:06 Castle Age
16:12 Double-Bit Axe
16:26 Gold Mining
16:18 Horse Collar
17:12 Stone Mining
17:47 Fletching
20:05 Bow Saw
24:10 Murder Holes
26:23 Man-at-Arms
27:15 Long Swordsman
32:30 Imperial Age
30:36 Bodkin Arrow
32:11 Ballistics
33:31 Gold Shaft Mining
499557901
11:05 Feudal Age
16:28 Castle Age
14:29 Loom
17:56 Double-Bit Axe
18:34 Horse Collar
23:50 Stone Mining
23:54 Gold Mining
25:25 Bow Saw
28:34 Fletching
28:57 Forging
29:52 Heavy Plow
29:29 Elite Skirmisher
30:15 Thumb Ring
30:05 Arson
30:20 Squires
31:43 Pikeman
33:08 Bodkin Arrow
33:13 Padded Archer Armor
33:14 Scale Mail Armor
雷欧
9:58 Feudal Age
13:46 Castle Age
12:36 Double-Bit Axe
13:09 Domestication
20:40 Wheelbarrow
20:52 Bow Saw
22:31 Pastoralism
24:09 Hand Cart
24:13 Gold Mining
27:48 Imperial Age
25:19 Stone Mining
25:39 Scale Barding Armor
25:24 Loom
25:25 Town Watch
27:45 Husbandry
28:09 Chain Barding Armor
28:00 Forging
28:51 Stone Shaft Mining
29:02 Conscription
30:00 Two-Man Saw
29:38 Transhumance
28:43 Elite Steppe Lancer
29:55 Treadmill Crane
30:37 Ballistics
31:29 Plate Barding Armor
32:15 Iron Casting
31:59 Light Cavalry
32:35 Fletching
32:30 Capped Ram
Connection lost

Rejoining the realm…

Still unreachable

The connection could not be restored.

Session expired

The server has moved on; the page needs a fresh start.